 Dungeon Crawl Stone Soup version 0.17.0-9-g801d43b (webtiles) character file.

116 HungrySpirit the Ruffian (level 4, -7/37 HPs)
             Began as a Draconian Transmuter on Nov 9, 2015.
             Killed by divine providence
             ... invoked by an orc priest
              (12 damage)
             ... on level 3 of the Dungeon.
             The game lasted 00:04:35 (2712 turns).

HungrySpirit the Ruffian (Draconian Transmuter)     Turns: 2712, Time: 00:04:35

Health: -7/37      AC:  5    Str: 14    XL:     4   Next: 70%
Magic:  7/7        EV: 12    Int: 13    God:
Gold:   116        SH:  0    Dex: 11    Spells: 2 memorised, 5 levels left

rFire  . . .     SeeInvis .       - Unarmed
rCold  . . .     Clarity  .     (armour unavailable)
rNeg   . . .     SustAt   .     (no shield)
rPois  .         Gourm    .     (helmet restricted)
rElec  .         Spirit   .     (no cloak)
rCorr  .         Warding  .     (no gloves)
rMut   .         Stasis   .     (no boots)
MR     .....                    (no amulet)
Stlth  +.........               (no ring)
                                (no ring)

@: not resistant to hostile enchantments, very unstealthy
A: unfitting armour, cold-blooded, AC +5
a: no special abilities


You were on level 3 of the Dungeon.
You were hungry.

You visited 1 branch of the dungeon, and saw 3 of its levels.

You collected 116 gold pieces.

Inventory:

Missiles
 a - 10 arrows
Armour
 n - a +2 shield
Scrolls
 g - 3 scrolls of identify {unknown}
 i - a scroll of blinking {unknown}
 j - 5 scrolls of teleportation {unknown}
 k - a scroll of remove curse {unknown}
 q - a scroll of recharging {unknown}
 r - a scroll of fog {unknown}
 t - a scroll of enchant armour {unknown}
Potions
 e - a potion of brilliance {unknown}
 f - a potion of poison {unknown}
 h - 2 potions of curing {unknown}
 m - 2 potions of degeneration {unknown}
 o - a potion of lignification {unknown}
 p - 2 potions of invisibility {unknown}
 s - a potion of heal wounds {unknown}
Books
 b - a book of Changes

   Spells                             Type                      Level
   a - Beastly Appendage              Transmutation                1
   b - Sticks to Snakes               Transmutation                2
   c - Spider Form                    Transmutation/Poison         3
   d - Ice Form                       Ice/Transmutation            4
   e - Blade Hands                    Transmutation                5
Comestibles
 c - 2 bread rations
 d - 2 slices of pizza
 l - 3 fruits


   Skills:
 + Level 2.5 Fighting
 - Level 1.7 Dodging
 * Level 4.1 Unarmed Combat
 + Level 2.6 Spellcasting
 + Level 2.8 Transmutations


You had 5 spell levels left.
You knew the following spells:

 Your Spells              Type           Power        Failure   Level  Hunger
a - Beastly Appendage     Trmt           #.....       10%         1    #......
b - Sticks to Snakes      Trmt           #.........   14%         2    ###....


Dungeon Overview and Level Annotations

Branches:
Dungeon (3/15)

Altars:


Innate Abilities, Weirdness & Mutations

Your plain brown scales are hard (AC +5).
Your body does not fit into most forms of armour.
You are cold-blooded and may be slowed by cold attacks.


Message History

The orc priest calls down the wrath of Beogh upon you.
Something smites you!
* * * LOW HITPOINT WARNING * * *
You hit the orc priest.
The orc priest is almost dead.
Your horns disappear.
The orc priest casts a cantrip, but nothing happens.
You barely miss the orc priest.
The orc priest is almost dead.
The orc priest calls down the wrath of Beogh upon you.
You barely resist. You closely miss the orc priest.
The orc priest is almost dead.
The orc priest hits you with a mace.
* * * LOW HITPOINT WARNING * * *
You hit the orc priest but do no damage.
The orc priest is almost dead.
The orc priest invokes the aid of Beogh against you.
Something smites you!
You die...

#........... ...
+.......... ...
......... #.#
......o #.# ...o.
#.# ... #.# #'#
#.#########(##
#####.##.....@oo.#
#........######..#
#.###.##.# ##...#
#.##.####.....#
#..........#.###
####.####.###..
######.#####.#.##
................#
##############.##


You could see an orc priest and an orc.

Vanquished Creatures
  6 gnolls
  An adder (D:2)
  A worm (D:2)
  A giant gecko (D:1)
  2 orcs (D:3)
  A giant cockroach (D:2)
  7 goblins
  7 hobgoblins
  7 kobolds
  5 bats
  5 giant newts
  8 rats
51 creatures vanquished.

Notes
Turn   | Place    | Note
--------------------------------------------------------------
     0 | D:1      | HungrySpirit the Draconian Transmuter began the quest for the Orb.
     0 | D:1      | Reached XP level 1. HP: 16/16 MP: 3/3
   266 | D:1      | Reached XP level 2. HP: 23/23 MP: 3/5
   846 | D:2      | Learned a level 2 spell: Sticks to Snakes
  1034 | D:2      | Reached XP level 3. HP: 21/29 MP: 4/6
  1995 | D:3      | Reached XP level 4. HP: 27/36 MP: 5/7
  2036 | D:3      | Reached skill level 4 in Unarmed Combat
  2712 | D:3      | Killed from afar by an orc priest

Action                   |  1- 3 |  4- 6 || total
-------------------------+-------+-------++-------
Melee: Unarmed           |   182 |    52 ||   234
 Cast: Beastly Appendage |    23 |     5 ||    28
       Sticks to Snakes  |     2 |       ||     2
 Stab: Sleeping          |       |     1 ||     1
  Eat: Chunk             |     4 |     2 ||     6
